Map: Sequencer LE

Players

Ahriman - Winner!

  • Race: Terran Terran
  • League: Silver
  • Spawn Location: 7:00

Whiskydog

  • Race: Terran Terran
  • League: Silver
  • Spawn Location: 1:00

VOD

Have the link to the VOD?

Description

Time

  • Played on: June 3, 2017, 10:06 p.m.
  • Length: 6:31
Show
View Real Time Build Order
Export as new Build Order

Ahriman Terran - Winner!

Build Orders: Banshee Rush 

Get SALT Encoding   

  12  0:05  SCV  
  13  0:21  Supply Depot  
  13  0:26  SCV  
  14  0:38  SCV  
  14  0:42  Refinery  
  15  0:47  Barracks  
  15  0:51  SCV  
  16  1:00  Supply Depot  
  17  1:04  SCV  
  17  1:16  SCV  
  18  1:28  SCV  
  19  1:40  SCV  
  19  1:41  Marine  
  21  1:48  Factory  
  22  1:59  Marine  
  22  2:02  Orbital Command  
  22  2:16  Refinery  
  22  2:17  Marine  
  23  2:35  Starport, Marine  
  24  2:43  SCV  
  27  2:55  Marine  
  27  2:56  SCV  
  27  3:08  SCV  
  27  3:09  Factory Tech Lab  
  27  3:11  Starport Tech Lab  
  28  3:17  Starport  
  28  3:40  Barracks Reactor  
  31  3:47  Banshee  
  31  3:49  Cloaking Field  
  31  3:54  Starport Tech Lab  
  31  4:10  Supply Depot  
  31  4:12  Supply Depot  
  31  4:14  Supply Depot  
  31  4:28  Command Center  
  31  4:31  Banshee  
  34  4:46  Banshee  
  37  5:10  Marine x2  
  37  5:12  Siege Tank  
  42  5:14  Banshee  
  45  5:27  Marine  
  45  5:28  Marine  
  47  5:45  Marine x2  
  49  5:52  Orbital Command  
Show
View Real Time Build Order
Export as new Build Order

Whiskydog Terran 

Build Orders:  

Get SALT Encoding   

  12  0:02  SCV  
  13  0:17  Supply Depot  
  13  0:22  SCV  
  14  0:34  SCV  
  15  0:45  Barracks  
  15  0:48  Supply Depot  
  15  0:49  SCV  
  16  1:01  SCV  
  17  1:08  Supply Depot  
  17  1:13  SCV  
  18  1:25  SCV  
  18  1:26  Barracks  
  19  1:35  Marine  
  19  1:37  SCV  
  21  1:46  Supply Depot  
  21  1:50  SCV  
  21  1:53  Marine  
  23  2:02  SCV  
  24  2:14  Marine x2  
  26  2:17  SCV  
  27  2:26  Barracks  
  27  2:29  SCV  
  28  2:32  Marine x2  
  30  2:41  Command Center  
  30  2:48  Orbital Command  
  30  2:50  Marine  
  31  3:07  Marine  
  31  3:08  Marine  
  33  3:13  SCV  
  33  3:18  Marine  
  35  3:25  Supply Depot, Marine x2, SCV  
  38  3:28  Supply Depot  
  38  3:36  Marine  
  38  3:37  SCV  
  40  3:43  Marine x2  
  42  3:53  Marine  
  43  3:56  Barracks  
  43  4:01  Marine x2, Orbital Command  
  45  4:14  Marine  
  46  4:19  Marine x2  
  46  4:20  SCV  
  49  4:32  Marine, SCV  
  49  4:37  Marine x2  
  53  4:39  Barracks  
  53  4:42  Barracks  
  53  4:45  Marine  
  53  4:50  Marine, SCV  
  53  4:51  SCV  
  57  4:54  Marine x2  
  59  5:02  SCV  
  59  5:03  Marine  
  59  5:04  SCV  
  62  5:07  Marine  
  62  5:12  Barracks, Marine x2  
  65  5:14  SCV  
  65  5:16  Barracks  
  66  5:21  Marine  
  66  5:25  Marine  
  68  5:30  Marine x2  
  68  5:34  Marine x2  
  72  5:36  Supply Depot  
  72  5:39  Supply Depot, Marine, SCV  
  72  5:40  SCV  
  75  5:42  Supply Depot  
  75  5:43  Marine  
  75  5:48  Marine x2  
  78  5:54  Command Center  
  78  5:57  SCV  
  78  5:59  Marine x3  
  78  6:00  Marine  
  78  6:01  Marine  
  78  6:03  Marine  
  85  6:06  Marine  
  85  6:07  Marine  
  87  6:13  SCV  
Tags
 
Matchup
TvT
Race
Terran
Replay Pack
SIII
Spawn Locations
Cross Positions
Strategy
Banshee Rush
Add a new tag
Caveats
  • Supply blocks, unpowered buildings, or Contaminate may cause inaccurate times.
  • Supply counts are checked every 10 seconds.